 Dungeon Crawl Stone Soup version 0.30-a0-800-g7c544603b3 (webtiles) character file.

Game seed: 5978080190063120295

99 cforsyth the Sneak (level 5, -1/32 HPs)
             Began as a Kobold Brigand on Feb 23, 2023.
             Slain by Robin
             ... wielding a +0 spear
              (3 damage)
             ... on level 2 of the Dungeon.
             The game lasted 00:02:18 (1363 turns).

cforsyth the Sneak (Kobold Brigand)                 Turns: 1363, Time: 00:02:19

Health: -1/32      AC:  4    Str:  8    XL:     5   Next: 2%
Magic:  5/5        EV: 15    Int: 12    God:
Gold:   123        SH:  0    Dex: 19    Spells: 4/4 levels left

rFire   . . .      SeeInvis .    a - +2 dagger
rCold   . . .      Faith    .    (no shield)
rNeg    . . .      Spirit   .    b - +0 robe
rPois   .          Reflect  .    (no helmet)
rElec   .          Harm     .    c - +0 cloak
rCorr   .          Rampage  .    i - +0 pair of gloves
Will    .....                    (no boots)
Stlth   ++++                     (no amulet)
HPRegen 0.25/turn                (no ring)
MPRegen 0.09/turn                (no ring)

@: slowed, very slow
A: small, no large weapons, nightstalker 3
a: no special abilities


You were on level 2 of the Dungeon.
You visited 1 branch of the dungeon, and saw 2 of its levels.

You collected 123 gold pieces.

Inventory:

Hand Weapons
 a - a +2 dagger (weapon)
Missiles
 d - 9 poisoned darts (quivered)
 e - 3 curare-tipped darts
Armour
 b - a +0 robe (worn)
 c - a +0 cloak (worn)
 i - a +0 pair of gloves (worn)
Scrolls
 f - 2 scrolls of blinking {unknown}
 h - 5 scrolls of identify {unknown}
 j - a scroll of noise {unknown}
 k - a scroll of poison {unknown}
Potions
 g - a potion of might {unknown}


   Skills:
 + Level 3.2 Fighting
 + Level 3.9 Short Blades
 - Level 2.1 Throwing
 + Level 2.7 Dodging
 + Level 6.1 Stealth


You had 4 spell levels left.
You didn't know any spells.
Your spell library contained the following spells:

 Spells                   Type           Power      Damage    Failure   Level
 Sting                    Tmut/Pois      0%         1d3       32%         1
 Lesser Beckoning         Tloc           0%         N/A       45%         2
 Poisonous Vapours        Pois/Air       0%         N/A       45%         2
 Sublimation of Blood     Necr           0%         N/A       45%         2
 Wereblood                Tmut           0%         N/A       45%         2
 Gell's Gravitas          Tloc           0%         N/A       69%         3
 Teleport Other           Tloc           0%         N/A       69%         3
 Olgreb's Toxic Radiance  Pois           0%         N/A       97%         4
 Summon Hydra             Summ           0%         N/A       100%        7


Dungeon Overview and Level Annotations

Branches:
Dungeon (2/15)

Altars:

Annotations:
D:2 Natasha, Robin


Innate Abilities, Weirdness & Mutations

You are small and have problems with some larger weapons.
You are completely attuned to the shadows.


Message History

You are too injured to fight recklessly!
You are too injured to fight recklessly!
You are too injured to fight recklessly!
You are too injured to fight recklessly!
You are too injured to fight recklessly!
You hit Natasha.
Natasha is almost dead.
Natasha stares at you and mumbles some strange words.
You feel yourself slow down. The hobgoblin barely misses you.
The goblin barely misses you. Robin barely misses you.
The goblin barely misses you.
You closely miss Natasha.
Natasha is almost dead.
Natasha casts a spell at you. You resist with some effort.
The hobgoblin closely misses you. The goblin barely misses you.
Robin closely misses you. The goblin hits you with a +0 dagger.
You barely miss Natasha.
Natasha is almost dead.
The crimson imp hits you but does no damage.
Natasha stares at you and mumbles some strange words.
You feel as though you will be slow longer.
The hobgoblin barely misses you.
Robin hits you from afar with a +0 spear.
* * * LOW HITPOINT WARNING * * *
The goblin hits you with a +0 dagger.
* * * LOW HITPOINT WARNING * * *
The goblin barely misses you. The crimson imp closely misses you.
You hit Natasha but do no damage.
Natasha is almost dead.
Natasha barely misses you. Robin closely misses you. The hobgoblin misses you.
The goblin hits you but does no damage. The goblin misses you.
The crimson imp misses you.
Unknown command.
You completely miss Natasha.
Natasha is almost dead.
Natasha claws you.
* * * LOW HITPOINT WARNING * * *
Robin hits you from afar with a +0 spear.
You die...

#.....# #........#
#...[.# #........#
#.....# #........#
#.....# #........#
### #.....#
#........#######..
##.....#
#(.......##.......
##.....#
#.......)##)####..
##.#'###
####g..........#
#.. ##.#†#
...g@.###'######
#.. ##.#.#
...gh5....# #..
##.#.# ....g..####
### ...#.#
.......## ####.#
.......# # #.#
.......#########
####.#
...............#
#....#
###'#.........#
..####
##.#.........#


You could see Robin, Natasha, a crimson imp (summoned), a hobgoblin (strong) and
2 goblins.

Vanquished Creatures
  Natasha (D:2)
  An adder (D:2)
  A worm (D:2)
  2 dart slugs
  6 bats
  An endoplasm (D:2)
  2 giant cockroaches (D:1)
  13 goblins
  2 hobgoblins (D:1)
  A jackal (D:2)
  4 quokkas
  4 ball pythons (D:1)
  2 frilled lizards (D:2)
  10 kobolds
  8 rats
58 creatures vanquished.

Notes
Turn   | Place    | Note
-------+----------+-------------------------------------------
     0 | D:1      | cforsyth the Kobold Brigand began the quest for the Orb.
     0 | D:1      | Reached XP level 1. HP: 12/12 MP: 1/1
   126 | D:1      | Reached XP level 2. HP: 18/18 MP: 2/2
   264 | D:1      | Reached XP level 3. HP: 22/22 MP: 3/3
   861 | D:2      | Noticed Natasha
   865 | D:2      | Killed Natasha
   866 | D:2      | Reached skill level 6 in Stealth
   866 | D:2      | Reached XP level 4. HP: 28/28 MP: 4/4
  1206 | D:2      | Reached XP level 5. HP: 28/32 MP: 5/5
  1306 | D:2      | Noticed Robin
  1349 | D:2      | Noticed Natasha
  1363 | D:2      | Slain by Robin

Illustrated notes

Levels and vault maps discovered:
D:1:      reono_arrival_mine, layout_basic, minmay_pentomino_p4
D:2:      layout_basic, minmay_ruptured, uniq_natasha, uniq_robin

Skill      XL: |  1  2  3 |
---------------+----------+-----
Short Blades   | 3 |  3.9
Dodging        | 2 |  2.7
Fighting       | 3 |  3.2
Stealth        | 6 |  6.1
Throwing       | |  2.1

Action                     |  1- 3 |  4- 6 || total
---------------------------+-------+-------++-------
  Melee: Dagger            |    78 |    63 ||   141
         Punch             |     1 |     2 ||     3
    Use: Potion            |       |     2 ||     2
   Stab: Sleeping          |    24 |     9 ||    33
 Armour: Robe              |     7 |    13 ||    20
  Dodge: Dodged            |    37 |    41 ||    78

Table legend: (Time is in decaauts)
 A = Elapsed time spent in this place.
 B = Non-inter-level travel time spent in this place.
 C = Inter-level travel time spent in this place.
 D = Time resting spent in this place.
 E = Time spent auto-exploring this place.
 F = Levels seen in this place.
 G = Mean time per level.
                   A        B        C        D        E       F      G
               +--------+--------+--------+--------+--------+-----+--------+
         Total |   1320 |   1284 |     36 |      0 |    960 |   2 |  660.0 |
       Dungeon |   1320 |   1284 |     36 |      0 |    960 |   2 |  660.0 |
               +--------+--------+--------+--------+--------+-----+--------+

Top non-repeatable levels by time:
     D:2: 664 daAuts
     D:1: 655 daAuts
